 Dungeon Crawl Stone Soup version 0.28.0-43-g3370ac3207 (webtiles) character file.

Game seed: 13033160846885244869

49 protoss039 the Digger (level 3, -5/19 HPs)
             Began as a Deep Elf Earth Elementalist on Mar 3, 2022.
             Slain by a scorpion (8 damage)
             ... on level 3 of the Dungeon.
             The game lasted 00:04:50 (2900 turns).

protoss039 the Digger (Deep Elf Earth Elementalist) Turns: 2900, Time: 00:04:51

Health: -5/19      AC:  2    Str:  5    XL:     3   Next: 53%
Magic:  0/10       EV: 12    Int: 21    God:
Gold:   51         SH:  0    Dex: 15    Spells: 4/10 levels left

rFire   . . .      SeeInvis .   d - staff of cold
rCold   + . .      Faith    .   (no shield)
rNeg    . . .      Spirit   .   b - +0 robe
rPois   .          Reflect  .   (no helmet)
rElec   .          Harm     .   (no cloak)
rCorr   .          Rampage  .   (no gloves)
Will    .....                   (no boots)
Stlth   ++........              (no amulet)
HPRegen 0.06/turn               (no ring)
MPRegen 0.12/turn               (no ring)

@: lethally poisoned (-5 -> -10)
A: no striking features
a: no special abilities


You were on level 3 of the Dungeon.
You visited 1 branch of the dungeon, and saw 3 of its levels.

You collected 51 gold pieces.

Inventory:

Missiles
 c - 15 stones
 k - a throwing net
Armour
 b - a +0 robe (worn)
Magical Staves
 d - a staff of cold (weapon)
Scrolls
 a - a scroll of identify {unknown}
 f - a scroll of teleportation {unknown}
 g - a scroll of enchant armour {unknown}
 h - 2 scrolls of magic mapping {unknown}
 i - a scroll of vulnerability {unknown}
 j - a scroll of enchant weapon {unknown}


   Skills:
 - Level 2.4 Dodging
 - Level 2.4 Stealth
 + Level 4.2 Spellcasting
 * Level 0.3 Conjurations
 + Level 1.2 Transmutations
 + Level 4.2 Earth Magic


You had 4 spell levels left.
You knew the following spells:

 Your Spells              Type           Power      Damage    Failure   Level
a - Sandblast             Erth           44%        2d11      1%          1
b - Passwall              Tmut/Erth      13%        N/A       6%          2
c - Stone Arrow           Conj/Erth      28%        3d8       14%         3

Your spell library contained the following spells:

 Spells                   Type           Power      Damage    Failure   Level
 Magic Dart               Conj           24%        1d4       10%         1
 Shock                    Conj/Air       20%        1d4       11%         1
 Call Imp                 Summ           4%         N/A       19%         2
 Mephitic Cloud           Conj/Pois/Air  4%         N/A       32%         3
 Swiftness                Air            4%         N/A       34%         3
 Petrify                  Tmut/Erth      16%        N/A       36%         4
 Airstrike                Air            2%         N/A       75%         4


Dungeon Overview and Level Annotations

Branches:
Dungeon (3/15)

Altars:

Shops:
D:1 [

Annotations:
D:3 Grinder


Message History

Press: ? - help, Shift-Dir - straight line, f/p - scorpion
Aim: a scorpion (heavily wounded, 81% to hit)
The blast of sand hits the scorpion!
The scorpion is almost dead.
The scorpion barely misses you.
Unknown command.
The scorpion misses you.
Casting: Sandblast (safe; 1% risk of failure)
Confirm with . or Enter, or press ? or * to list all spells.
Aiming: Sandblast (safe; 1% risk of failure)
Press: ? - help, Shift-Dir - straight line, f/p - scorpion
Aim: a scorpion (severely wounded, 81% to hit)
The blast of sand misses the scorpion.
The scorpion stings you.
You are poisoned.
The scorpion poisons you!
It was a potion of curing.
You feel better.
The scorpion stings you but does no damage.
Unknown command.
Unknown command.
Found a ring mail.
The scorpion stings you.
You are lethally poisoned!
The scorpion poisons you!
You feel very sick.
You feel sick.
Things that are here:
a +0 mace; an orc corpse You feel sick.
* * * LOW HITPOINT WARNING * * *
You feel sick.
Casting: Sandblast (safe; 1% risk of failure)
Confirm with . or Enter, or press ? or * to list all spells.
Aiming: Sandblast (safe; 1% risk of failure)
Press: ? - help, Shift-Dir - straight line, f/p - scorpion
Aim: a scorpion (severely wounded, 81% to hit)
The blast of sand hits the scorpion but does no damage.
The scorpion is severely wounded.
* * * LOW HITPOINT WARNING * * *
You feel sick. The scorpion barely misses you. The scorpion stings you!
You die...

#.# #.###.#..#.#
###########.####.###.......
##........##.........##.####
...# #$......#.......#.####
##..##.#..#..#.#.##..#.....
#.[.^#.#.....#.#.<.....####
#...##.#.##.##....###
#...##)#.##.##.##.#
#....)s@.##.......#
#..#.....#####.####
#..#.....# #.# ....#.....#
#.# #....#.....# #.#
...####.....# ... .##
####### ... .#.


You could see a scorpion.

Vanquished Creatures
  An adder (D:2)
  A worm (D:3)
  A dart slug (D:3)
  An orc (D:3)
  4 ball pythons
  4 endoplasms
  A giant cockroach (D:2)
  3 goblins
  4 hobgoblins
  2 kobolds
  A quokka (D:1)
  2 bats
  3 frilled lizards
  3 rats
31 creatures vanquished.

Notes
Turn   | Place    | Note
-------+----------+-------------------------------------------
     0 | D:1      | protoss039 the Deep Elf Earth Elementalist began the quest
                  | for the Orb.
     0 | D:1      | Reached XP level 1. HP: 10/10 MP: 6/6
   427 | D:1      | Reached XP level 2. HP: 7/15 MP: 4/8
  1168 | D:1      | Found Codal's Antique Armour Shop.
  1328 | D:2      | Learned a level 2 spell: Passwall
  1740 | D:2      | Reached XP level 3. HP: 14/19 MP: 10/10
  1746 | D:2      | Learned a level 3 spell: Stone Arrow
  2686 | D:3      | Noticed Grinder
  2790 | D:3      | Found a faded altar of an unknown god.
  2884 | D:3      | Noticed a scorpion
  2900 | D:3      | Slain by a scorpion

Illustrated notes

Levels and vault maps discovered:
D:1:      saegor_arrival_under_anarchy, layout_basic, serial_shops,
          nicolae_square_shop, hangedman_decor_riveting, minivault_11
D:2:      layout_loops_ring
D:3:      layout_loops_cross, hellmonk_ecumenical_altar_leap_of_faith,
          minmay_circle_x, uniq_grinder

Skill      XL: |  1  2  3 |
---------------+----------+-----
Earth Magic    | 4 |  4.2
Spellcasting   | 4 |  4.2
Dodging        | |  2.4
Stealth        | |  2.4
Conjurations   | |  0.3
Transmutations | |  1.2

Action                   || total
-------------------------++-------
Melee: Staff             ||    60
       Unarmed           ||     1
 Cast: Sandblast         ||    30
       Stone Arrow       ||     6
  Use: Potion            ||     1
 Stab: Sleeping          ||     5
Armor: Robe              ||    11
Dodge: Dodged            ||    53
